[ AOE2 MATCH · #508129712 ]
UnrankedSicilians vs Sicilians
Player's team · WIN
Rival team · LOSS
[ REPLAY ANALYSIS · EXTRACTED FROM THE RECORDED GAME ]
Feudal
9:29
Castle
—
Imperial
—
| APM avg | 48.0 |
| APM peak | 111 |
| eAPM avg | 25.6 |
| Villagers / military | 59 / 45 |
Focus
⚔️ 21.9% · 🌾 78.1%
Militia ×24 · Archer ×21
Feudal
—
Castle
—
Imperial
—
| APM avg | 27.6 |
| APM peak | 106 |
| eAPM avg | 19.5 |
| Villagers / military | 59 / 0 |
Focus
⚔️ 44.7% · 🌾 55.3%
Match map
Initial resources + every placement click. Lines = walls · curves = elevation contours. ◆ gold · ⬟ stone · ● berries · ✦ relic · ◌ wall gap
Your base· ✓ Closed at 12:00 · 20t walls · 2 gate(s)
la kakarota's base· ✓ Closed at 12:00 · 38t walls · 2 gate(s)
Smoothed initial terrain · ◌ = detected wall gap · hover for details
Inputs per minute
— Batlucky - - la kakarota
Build order — Batlucky
First 150 of 193 actions detected
| 0:00 | Queue | Villager (Male) |
| 0:01 | Queue | Villager (Male) |
| 0:01 | Queue | Villager (Male) |
| 0:01 | Queue | Villager (Male) |
| 0:02 | Build | House |
| 0:04 | Build | House |
| 1:24 | Queue | Villager (Male) |
| 1:47 | Build | Lumber Camp |
| 2:04 | Queue | Villager (Male) |
| 2:04 | Queue | Villager (Male) |
| 2:26 | Queue | Villager (Male) |
| 2:26 | Queue | Villager (Male) |
| 2:36 | Queue | Villager (Male) |
| 3:14 | Queue | Villager (Male) |
| 3:14 | Queue | Villager (Male) |
| 3:30 | Build | House |
| 3:50 | Queue | Villager (Male) |
| 3:50 | Queue | Villager (Male) |
| 3:53 | Research | Loom |
| 3:54 | Queue | Villager (Male) |
| 4:23 | Build | Mill |
| 4:33 | Queue | Villager (Male) |
| 4:33 | Queue | Villager (Male) |
| 4:33 | Queue | Villager (Male) |
| 4:34 | Queue | Villager (Male) |
| 5:15 | Queue | Villager (Male) |
| 5:29 | Queue | Villager (Male) |
| 6:19 | Queue | Villager (Male) |
| 6:50 | Queue | Villager (Male) |
| 7:19 | Research | Feudal Age |
| 8:05 | Build | Palisade Wall |
| 8:12 | Build | House |
| 8:19 | Build | Barracks |
| 8:43 | Build | Palisade Wall |
| 9:00 | Queue | Villager (Male) |
| 9:00 | Queue | Villager (Male) |
| 9:00 | Queue | Villager (Male) |
| 9:16 | Build | House |
| 9:29 | Age | Feudal Age |
| 9:51 | Research | Man-at-Arms (upgrade) |
| 9:58 | Build | Donjon |
| 10:02 | Queue | Villager (Male) |
| 10:02 | Queue | Villager (Male) |
| 10:11 | Queue | Villager (Male) |
| 10:11 | Queue | Villager (Male) |
| 10:11 | Queue | Villager (Male) |
| 10:40 | Build | Mining Camp |
| 11:08 | Build | Blacksmith |
| 11:33 | Queue | Villager (Male) |
| 11:33 | Queue | Villager (Male) |
| 11:48 | Queue | Villager (Male) |
| 12:00 | Build | House |
| 12:31 | Build | Market |
| 12:36 | Build | Farm |
| 12:36 | Build | Farm |
| 12:36 | Build | Farm |
| 12:36 | Build | Farm |
| 12:37 | Build | Farm |
| 13:20 | Build | Lumber Camp |
| 13:54 | Research | Fletching |
| 14:09 | Queue | Villager (Male) |
| 14:10 | Queue | Villager (Male) |
| 14:12 | Build | Farm |
| 14:45 | Build | Farm |
| 14:52 | Build | Farm |
| 15:04 | Build | Donjon |
| 15:11 | Build | Farm |
| 18:36 | Build | Town Center |
| 19:46 | Build | Lumber Camp |
| 21:07 | Research | Double-Bit Axe |
| 22:09 | Build | Town Center |
| 22:26 | Build | House |
| 22:32 | Build | House |
| 22:36 | Build | House |
| 22:43 | Build | House |
| 22:54 | Build | House |
| 23:04 | Queue | Villager (Male) |
| 23:04 | Queue | Villager (Male) |
| 23:29 | Build | Farm |
| 23:29 | Build | Farm |
| 23:29 | Build | Farm |
| 23:39 | Build | Palisade Wall |
| 23:50 | Build | Farm |
| 24:05 | Build | House |
| 24:08 | Build | House |
| 24:17 | Build | House |
| 24:21 | Build | House |
| 24:31 | Build | House |
| 25:03 | Build | Barracks |
| 25:06 | Queue | Villager (Male) |
| 26:14 | Build | Lumber Camp |
| 27:15 | Queue | Militia |
| 27:15 | Queue | Militia |
| 27:15 | Queue | Militia |
| 27:15 | Queue | Militia |
| 27:34 | Queue | Militia |
| 27:34 | Queue | Militia |
| 28:41 | Build | Town Center |
| 29:07 | Queue | Villager (Male) |
| 29:07 | Queue | Villager (Male) |
| 30:14 | Queue | Militia |
| 30:14 | Queue | Militia |
| 30:15 | Queue | Militia |
| 30:50 | Queue | Militia |
| 30:50 | Queue | Militia |
| 32:25 | Build | Town Center |
| 33:01 | Research | Scale Mail Armor |
| 33:25 | Queue | Militia |
| 33:25 | Queue | Militia |
| 33:26 | Queue | Militia |
| 33:32 | Queue | Villager (Male) |
| 33:32 | Queue | Villager (Male) |
| 33:46 | Queue | Villager (Male) |
| 33:47 | Queue | Villager (Male) |
| 33:47 | Queue | Villager (Male) |
| 33:55 | Build | House |
| 33:57 | Build | House |
| 35:31 | Queue | Militia |
| 35:31 | Queue | Militia |
| 36:17 | Queue | Militia |
| 36:17 | Queue | Militia |
| 36:18 | Queue | Militia |
| 38:14 | Build | Town Center |
| 39:23 | Build | Farm |
| 39:23 | Build | Farm |
| 39:23 | Build | Farm |
| 39:23 | Build | Farm |
| 39:23 | Build | Farm |
| 39:24 | Build | Farm |
| 40:19 | Build | Palisade Gate |
| 40:57 | Build | House |
| 41:10 | Build | Farm |
| 41:10 | Build | Farm |
| 41:10 | Build | Farm |
| 41:10 | Build | Farm |
| 41:11 | Build | Farm |
| 41:11 | Build | Farm |
| 41:11 | Build | Farm |
| 41:11 | Build | Farm |
| 41:18 | Queue | Militia |
| 41:19 | Queue | Militia |
| 41:19 | Queue | Militia |
| 41:43 | Build | Palisade Gate |
| 41:48 | Build | House |
| 42:16 | Queue | Villager (Male) |
| 42:17 | Queue | Villager (Male) |
| 42:17 | Queue | Villager (Male) |
| 42:32 | Queue | Militia |
| 42:33 | Queue | Militia |
| 42:46 | Build | Archery Range |
Build order — la kakarota
136 actions detected in the replay
| 0:00 | Queue | Villager (Male) |
| 0:00 | Queue | Villager (Male) |
| 0:02 | Build | House |
| 0:03 | Build | House |
| 0:09 | Queue | Villager (Male) |
| 0:09 | Queue | Villager (Male) |
| 1:35 | Queue | Villager (Male) |
| 1:36 | Queue | Villager (Male) |
| 1:54 | Build | Lumber Camp |
| 2:01 | Queue | Villager (Male) |
| 2:15 | Queue | Villager (Male) |
| 2:35 | Queue | Villager (Male) |
| 2:48 | Queue | Villager (Male) |
| 3:17 | Queue | Villager (Male) |
| 3:24 | Build | House |
| 3:37 | Queue | Villager (Male) |
| 4:27 | Queue | Villager (Male) |
| 4:38 | Build | Mill |
| 4:58 | Queue | Villager (Male) |
| 4:58 | Queue | Villager (Male) |
| 5:40 | Build | House |
| 5:50 | Queue | Villager (Male) |
| 6:20 | Queue | Villager (Male) |
| 6:24 | Research | Loom |
| 7:21 | Build | Town Center |
| 8:05 | Queue | Villager (Male) |
| 8:05 | Queue | Villager (Male) |
| 8:06 | Queue | Villager (Male) |
| 8:38 | Queue | Villager (Male) |
| 8:44 | Build | House |
| 9:12 | Queue | Villager (Male) |
| 10:10 | Build | Town Center |
| 10:48 | Queue | Villager (Male) |
| 10:49 | Queue | Villager (Male) |
| 10:49 | Queue | Villager (Male) |
| 11:36 | Build | Palisade Wall |
| 11:42 | Build | Palisade Wall |
| 11:56 | Build | Mining Camp |
| 12:01 | Queue | Villager (Male) |
| 12:01 | Queue | Villager (Male) |
| 12:17 | Build | Palisade Wall |
| 12:35 | Build | House |
| 12:40 | Queue | Villager (Male) |
| 12:40 | Queue | Villager (Male) |
| 13:16 | Build | Palisade Wall |
| 13:17 | Build | Palisade Wall |
| 13:42 | Build | Town Center |
| 13:58 | Build | House |
| 14:01 | Build | Palisade Wall |
| 14:02 | Build | Palisade Wall |
| 14:17 | Build | Palisade Wall |
| 14:25 | Build | House |
| 14:28 | Queue | Villager (Male) |
| 14:28 | Queue | Villager (Male) |
| 14:28 | Queue | Villager (Male) |
| 15:02 | Queue | Villager (Male) |
| 15:26 | Build | Palisade Wall |
| 15:29 | Build | Palisade Wall |
| 15:37 | Build | Palisade Wall |
| 15:40 | Build | Palisade Wall |
| 15:57 | Build | Palisade Wall |
| 17:32 | Build | Palisade Wall |
| 17:33 | Build | Palisade Wall |
| 17:38 | Build | House |
| 17:50 | Queue | Villager (Male) |
| 18:10 | Build | House |
| 19:03 | Build | Town Center |
| 19:35 | Build | Palisade Wall |
| 20:02 | Build | Palisade Wall |
| 20:09 | Build | Mill |
| 21:12 | Queue | Villager (Male) |
| 21:47 | Queue | Villager (Male) |
| 22:22 | Build | Palisade Wall |
| 22:24 | Build | Palisade Wall |
| 22:43 | Build | House |
| 24:06 | Build | Town Center |
| 24:17 | Build | Town Center |
| 24:31 | Build | Town Center |
| 25:12 | Build | Town Center |
| 25:24 | Build | House |
| 25:43 | Build | Mill |
| 26:30 | Queue | Villager (Male) |
| 26:30 | Queue | Villager (Male) |
| 26:31 | Queue | Villager (Male) |
| 26:47 | Build | Palisade Wall |
| 27:02 | Queue | Villager (Male) |
| 27:14 | Build | Palisade Wall |
| 28:03 | Queue | Villager (Male) |
| 28:03 | Queue | Villager (Male) |
| 28:28 | Build | Farm |
| 29:18 | Build | Town Center |
| 29:31 | Build | Palisade Wall |
| 29:33 | Build | Palisade Wall |
| 30:43 | Queue | Villager (Male) |
| 30:43 | Queue | Villager (Male) |
| 30:43 | Queue | Villager (Male) |
| 31:08 | Queue | Villager (Male) |
| 31:18 | Build | Farm |
| 31:39 | Build | Palisade Wall |
| 32:16 | Queue | Villager (Male) |
| 32:17 | Queue | Villager (Male) |
| 32:47 | Build | House |
| 32:59 | Build | Palisade Gate |
| 33:23 | Build | House |
| 33:56 | Build | Town Center |
| 34:51 | Queue | Villager (Male) |
| 34:51 | Queue | Villager (Male) |
| 34:51 | Queue | Villager (Male) |
| 34:52 | Queue | Villager (Male) |
| 35:50 | Build | House |
| 35:56 | Build | Palisade Wall |
| 36:23 | Build | Palisade Wall |
| 36:51 | Build | Palisade Wall |
| 37:50 | Build | House |
| 38:51 | Build | Town Center |
| 39:32 | Build | Palisade Wall |
| 39:34 | Build | Palisade Wall |
| 39:35 | Build | Palisade Wall |
| 39:37 | Build | Palisade Wall |
| 40:13 | Build | Farm |
| 40:45 | Build | Palisade Gate |
| 40:46 | Build | Palisade Wall |
| 41:16 | Queue | Villager (Male) |
| 42:37 | Build | Town Center |
| 42:41 | Build | Palisade Wall |
| 43:09 | Queue | Villager (Male) |
| 43:09 | Queue | Villager (Male) |
| 43:22 | Build | Palisade Wall |
| 44:51 | Build | Town Center |
| 45:27 | Queue | Villager (Male) |
| 45:27 | Queue | Villager (Male) |
| 45:57 | Build | Lumber Camp |
| 46:08 | Queue | Villager (Male) |
| 46:28 | Queue | Villager (Male) |
| 46:51 | Build | Outpost |
| 48:14 | Build | Town Center |
Match timeline
| 8:05 | Batlucky · wall_segment Palisade Wall x11 |
| 8:19 | Batlucky · first_building Barracks |
| 8:43 | Batlucky · wall_segment Palisade Wall x9 |
| 9:29 | Batlucky · age_up feudal |
| 9:58 | Batlucky · first_building Donjon |
| 11:36 | la kakarota · wall_segment Palisade Wall x31 |
| 11:42 | la kakarota · wall_segment Palisade Wall x7 |
| 12:17 | la kakarota · wall_segment Palisade Wall x4 |
| 13:14 | Batlucky · first_market_sell 100 stone |
| 13:16 | la kakarota · wall_segment Palisade Wall x3 |
| 13:16 | Batlucky · first_market_buy 100 wood |
| 13:17 | la kakarota · wall_segment Palisade Wall x4 |
| 14:01 | la kakarota · wall_segment Palisade Wall x1 |
| 14:02 | la kakarota · wall_segment Palisade Wall x1 |
| 14:17 | la kakarota · wall_segment Palisade Wall x5 |
| 15:26 | la kakarota · wall_segment Palisade Wall x10 |
| 15:29 | la kakarota · wall_segment Palisade Wall x4 |
| 15:37 | la kakarota · wall_segment Palisade Wall x8 |
| 15:40 | la kakarota · wall_segment Palisade Wall x5 |
| 15:57 | la kakarota · wall_segment Palisade Wall x4 |
| 17:32 | la kakarota · wall_segment Palisade Wall x1 |
| 17:33 | la kakarota · wall_segment Palisade Wall x1 |
| 19:35 | la kakarota · wall_segment Palisade Wall x4 |
| 20:02 | la kakarota · wall_segment Palisade Wall x4 |
| 22:22 | la kakarota · wall_segment Palisade Wall x4 |
| 22:24 | la kakarota · wall_segment Palisade Wall x6 |
| 23:39 | Batlucky · wall_segment Palisade Wall x1 |
| 26:47 | la kakarota · wall_segment Palisade Wall x1 |
| 27:14 | la kakarota · wall_segment Palisade Wall x24 |
| 29:31 | la kakarota · wall_segment Palisade Wall x1 |
| 29:33 | la kakarota · wall_segment Palisade Wall x1 |
| 31:39 | la kakarota · wall_segment Palisade Wall x2 |
| 35:56 | la kakarota · wall_segment Palisade Wall x3 |
| 36:23 | la kakarota · wall_segment Palisade Wall x1 |
| 36:51 | la kakarota · wall_segment Palisade Wall x7 |
| 39:32 | la kakarota · wall_segment Palisade Wall x5 |
| 39:34 | la kakarota · wall_segment Palisade Wall x5 |
| 39:35 | la kakarota · wall_segment Palisade Wall x5 |
| 39:37 | la kakarota · wall_segment Palisade Wall x6 |
| 40:46 | la kakarota · wall_segment Palisade Wall x1 |
| 42:41 | la kakarota · wall_segment Palisade Wall x1 |
| 42:46 | Batlucky · first_building Archery Range |
| 43:22 | la kakarota · wall_segment Palisade Wall x3 |
| 48:54 | la kakarota · resign |
[ AI ANALYSIS · 1 CREDIT ]
What really happened in this match?
Wolo.gg analyzes every decision: build order, eco, micro, common mistakes by bracket. Personalized analysis on WhatsApp or Discord in 30 seconds.
Civ guide
Sicilians
Perfil
Jugador #1109645